 Dungeon Crawl Stone Soup version 0.29-a0-998-g1987434951 (webtiles) character file.

Game seed: 11036382723017121740

28 Mesmaeker13 the Scratcher (level 3, -2/16 HPs)
             Began as a Felid Transmuter on Aug 5, 2022.
             Slain by a worm (12 damage)
             ... on level 2 of the Dungeon.
             The game lasted 00:01:06 (1902 turns).

Mesmaeker13 the Scratcher (Felid Transmuter)        Turns: 1902, Time: 00:01:07

Health: -2/16      AC:  1    Str:  8    XL:     3   Next: 0%
Magic:  4/7        EV: 17    Int: 14    God:
Gold:   81         SH:  0    Dex: 16    Spells: 3/6 levels left
                                        Lives:  0   Deaths: 0

rFire   . . .      SeeInvis +     - Unarmed
rCold   . . .      Faith    .   (shield unavailable)
rNeg    . . .      Spirit   .   (body armour unavailable)
rPois   .          Reflect  .   (helmet unavailable)
rElec   .          Harm     .   (cloak unavailable)
rCorr   .          Rampage  .   (gloves unavailable)
Will    .....                   (boots unavailable)
Stlth   +.........              (no amulet)
HPRegen 0.05/turn               (no ring)
MPRegen 0.10/turn               (no ring)

@: appendages (expiring), wereblooded, quick
A: horns 2, very small, claws 1, fangs 3, see invisible, speed 1, shaggy fur 1,
stealthy paws, no weapons or thrown items, no armour, multi-lived
a: End Transformation


You were on level 2 of the Dungeon.
You had temporarily grown beastly horns.
You visited 1 branch of the dungeon, and saw 2 of its levels.

You collected 81 gold pieces.

Inventory:

Scrolls
 c - a scroll of enchant armour {unknown}
 d - 2 scrolls of teleportation
 e - a scroll of amnesia {unknown}
Potions
 a - a potion of lignification
 f - a potion of cancellation


   Skills:
 + Level 1.8 Fighting
 - Level 2.6 Dodging
 + Level 3.4 Unarmed Combat
 - Level 2.0 Spellcasting
 + Level 2.8 Transmutations


You had 3 spell levels left.
You knew the following spells:

 Your Spells              Type           Power      Damage    Failure   Level
a - Beastly Appendage     Tmut           18%        N/A       8%          1
b - Wereblood             Tmut           9%         N/A       11%         2

Your spell library contained the following spells:

 Spells                   Type           Power      Damage    Failure   Level
 Spider Form              Tmut/Pois      5%         N/A       36%         3
 Ice Form                 Ice/Tmut       5%         N/A       78%         4
 Iskenderun's Battlesphe  Conj           1%         2d6       100%        5
 Iron Shot                Conj/Erth      0%         9d1       100%        6
 Spellforged Servitor     Conj/Summ      0%         N/A       100%        7


Dungeon Overview and Level Annotations

Branches:
Dungeon (2/15)

Altars:


Innate Abilities, Weirdness & Mutations

You have temporarily grown beastly horns.
You have sharp claws.
You have razor-sharp teeth.
You have supernaturally acute eyesight. (SInv)
You cover ground quickly. (Speed+)
You are covered in fur. (AC +1)
Your paws help you pounce on unaware monsters.
You are incapable of wielding weapons or throwing items.
You cannot wear armour.
You gain extra lives every three experience levels.


Message History

As you read the scroll labelled ROMINO QAHOM, it crumbles to dust.
It is a scroll of identify.
d - a scroll of teleportation
As you read the scroll of identify, it crumbles to dust.
f - a potion of cancellation
d - 2 scrolls of teleportation (gained 1)
You now have 81 gold pieces (gained 4).
Found a stone staircase leading down.
A worm comes into view.
Found a translucent chain mail.
A worm comes into view.
A hobgoblin comes into view.
The hobgoblin shouts!
Casting: Beastly Appendage (safe; 8% risk of failure)
Confirm with . or Enter, or press ? or * to list all spells.
You grow a pair of large bovine horns.
Casting: Beastly Appendage (safe; 8% risk of failure)
Confirm with . or Enter, or press ? or * to list all spells.
Your blood is infused with primal strength.
The hobgoblin closely misses you.
You barely miss the hobgoblin. You headbutt the hobgoblin.
The hobgoblin is heavily wounded.
You scratch the hobgoblin.
You kill the hobgoblin!
You have reached level 3!
Your experience leads to an increase in your attributes!
Increase (S)trength, (I)ntelligence, or (D)exterity?
You feel stronger. x2
Your transformation is almost over.
You scratch the worm.
The worm is moderately wounded.
You scratch the worm.
The worm is moderately wounded.
The worm bites you.
You scratch the worm.
The worm is moderately wounded.
You howl as the wereblood boils in your veins!
The worm bites you!
Ouch! That really hurt!
You die...

......##..#...
.........#.# ###
....#.....## ##..#
#.........## .....#
#).........#
......##..........#
.^.^..w#..........#
...^.^w#.......<..# .
...^...@..........#..
^..>...#..............
...^^..#...............
.....^##..#.....#.....#
...[.# ###########....#
##..# ..... ### ....#
..


You could see 2 worms.

Vanquished Creatures
  A dart slug (D:1)
  2 bats (D:1)
  4 endoplasms (D:1)
  3 goblins (D:1)
  4 hobgoblins
  3 quokkas (D:1)
  A ball python (D:1)
  2 kobolds (D:1)
  2 rats (D:1)
22 creatures vanquished.

Notes
Turn   | Place    | Note
-------+----------+-------------------------------------------
     0 | D:1      | Mesmaeker13 the Felid Transmuter began the quest for the
                  | Orb.
     0 | D:1      | Reached XP level 1. HP: 9/9 MP: 4/4
   516 | D:1      | Reached XP level 2. HP: 8/12 MP: 4/6
   830 | D:1      | Learned a level 2 spell: Wereblood
  1895 | D:2      | Reached XP level 3. HP: 16/16 MP: 3/7
  1902 | D:2      | Slain by a worm

Illustrated notes

Levels and vault maps discovered:
D:1:      minmay_arrival_glassed_features, layout_loops_corners,
          minmay_misc_feat_more_columns
D:2:      minmay_evil_eye, layout_rooms, nicolae_wormholes

Action                   || total
-------------------------++-------
Melee: Unarmed           ||    65
       Headbutt          ||     8
       Bite              ||     5
       Punch             ||     1
 Cast: Beastly Appendage ||    18
       Wereblood         ||     1
  Use: Scroll            ||     2
Armor: Skin              ||     3
Dodge: Dodged            ||    48

Table legend: (Time is in decaauts)
 A = Elapsed time spent in this place.
 B = Non-inter-level travel time spent in this place.
 C = Inter-level travel time spent in this place.
 D = Time resting spent in this place.
 E = Time spent auto-exploring this place.
 F = Levels seen in this place.
 G = Mean time per level.
                   A        B        C        D        E       F      G
               +--------+--------+--------+--------+--------+-----+--------+
         Total |   1738 |   1728 |     10 |    238 |   1312 |   2 |  869.0 |
       Dungeon |   1738 |   1728 |     10 |    238 |   1312 |   2 |  869.0 |
               +--------+--------+--------+--------+--------+-----+--------+

Top non-repeatable levels by time:
     D:1: 1710 daAuts
     D:2: 27 daAuts
